 Dungeon Crawl Stone Soup version 0.32-a0-18-g89e19f1974 (webtiles) character file.

Game seed: 3624166552327723829

121 Malachi the Changeling (level 5, 0/39 HPs)
             Began as a Merfolk Shapeshifter on Jan 16, 2024.
             Slain by a black bear (4 damage)
             ... on level 2 of the Dungeon.
             The game lasted 00:01:58 (1777 turns).

Malachi the Changeling (Merfolk Shapeshifter)       Turns: 1777, Time: 00:01:58

Health: 0/39       AC:  8    Str: 16    XL:     5   Next: 5%
Magic:  5/5        EV:  8    Int: 10    God:
Gold:   74         SH:  0    Dex: 13    Spells: 4/4 levels left

rFire   . .          .
                       - Unarmed
rCold   . . .        (no shield)
rNeg    . . .        f - +0 chain mail
rPois   .            (helmet currently unavailable)
rElec   .            (cloak currently unavailable)
rCorr   .            (gloves currently unavailable)
SInv    .            (boots currently unavailable)
Will    .....        (no amulet) Stlth
                     (no ring)
HPRegen 0.26/turn    (no ring)
MPRegen 0.09/turn

%: no passive effects
@: beast-form
A: beast (slay +2), (nimble swimmer 2), mertail
a: Begin Untransformation


You were on level 2 of the Dungeon.
You were a hulking beast.
You visited 1 branch of the dungeon, and saw 3 of its levels.

You collected 74 gold pieces.

Inventory:

Hand Weapons
 j - a +1 vampiric short sword
Armour
 f - a +0 chain mail (worn)
Talismans
 c - a beast talisman
 d - a flux talisman
Scrolls
 i - a scroll of teleportation
 k - a scroll of blinking
Potions
 b - a potion of lignification
 e - a potion of magic {unknown}
 g - 3 potions of mutation {unknown}
 h - a potion of brilliance {unknown}


   Skills:
 + Level 2.6 Fighting
 + Level 4.0 Dodging
 + Level 4.2 Unarmed Combat
 + Level 4.9 Shapeshifting


You had 4 spell levels left.
You didn't know any spells.
Your spell library was empty.

Dungeon Overview and Level Annotations

Branches:
Dungeon (3/15)

Altars:

Shops:
D:1 (


Innate Abilities, Weirdness & Mutations

You are a hulking beast.
Your limbs bulge with bestial killing power. (Slay +2)
((You are very nimble when in or above water. (Stealth+, EV+, Speed+++)))
Your lower body shifts to a powerful aquatic tail in water.


Message History

The adder bites you but does no damage.
You closely miss the adder.
The adder is severely wounded.
The adder barely misses you. The adder bites you.
You are poisoned.
The adder poisons you!
You hit the adder.
The adder is almost dead.
You feel sick. The adder barely misses you.
You punch the adder!
You kill the adder!
You feel sick.
You barely miss the adder. Your punch misses the adder.
You feel sick. The adder bites you but does no damage.
You punch the adder!
The adder is heavily wounded.
You feel sick.
You are no longer poisoned.
The adder bites you but does no damage. x2
You punch the adder!
You kill the adder!
Your Dodging skill increases to level 4!
You have reached level 5!
You feel clever.
You hit the black bear but do no damage.
The black bear bites you. The black bear claws you.
* * * LOW HITPOINT WARNING * * *
The black bear claws you but does no damage.
You hit the black bear. You punch the black bear.
The black bear is moderately wounded.
The black bear barely misses you.
The black bear claws you but does no damage.
The black bear claws you.
* * * LOW HITPOINT WARNING * * *
You punch the black bear!
The black bear is heavily wounded.
The black bear bites you.
* * * LOW HITPOINT WARNING * * *
The black bear claws you.
You die...

#......................#.###.#
#####..##.......##...#.#.# #.#
#..##..>....###.##.#.###.#
#......>........##.......#
##..........#######.######
########<...# #.# # #.##.# #.#
# #h##.# #.# #
#h##.######)######
#.##.##.........##
#.##.##.#######.## #.##.##.#
#... #.##.##.# #.## #.......#
#.# #######.# #.## #.# #.†.
#.#######.##


You could see a black bear.

Vanquished Creatures
  2 adders (D:2)
  6 gnolls (D:2)
  2 dart slugs (D:1)
  5 ball pythons
  A bat (D:2)
  2 endoplasms
  A giant cockroach (D:2)
  4 goblins
  4 hobgoblins
  3 jackals (D:1)
  2 quokkas (D:2)
  4 frilled lizards
  4 kobolds
  5 rats
45 creatures vanquished.

Notes
Turn   | Place    | Note
-------+----------+-------------------------------------------
     0 | D:1      | Malachi the Merfolk Shapeshifter began the quest for the
                  | Orb.
     0 | D:1      | Reached XP level 1. HP: 15/15 MP: 1/1
    27 | D:1      | Found Yfyepoott's Weapon Shop.
   205 | D:1      | Reached XP level 2. HP: 14/21 MP: 2/2
   570 | D:1      | Reached XP level 3. HP: 27/27 MP: 3/3
  1043 | D:2      | Reached XP level 4. HP: 33/33 MP: 4/4
  1743 | D:3      | Noticed a black bear
  1775 | D:2      | Reached XP level 5. HP: 20/39 MP: 5/5
  1777 | D:2      | Slain by a black bear

Illustrated notes

Levels and vault maps discovered:
D:1:      dreamdust_arrival_beginning_and_end, layout_basic, serial_shops,
          nicolae_shop_waterfront
D:2:      layout_loops_ring, chequers_mini_garden, chequers_serial_rivers_room_a
D:3:      layout_basic, nicolae_overflow_hidden_temple,
          okawaru_ov_weapons_minmay, shapermc_ecumenical_altar_mp_urbaneastern,
          palyth_stone_intersect, grunt_decor_one_mirror, st_stairs_11,
          minivault_14

Skill      XL: |  1  2  3  4 |
---------------+-------------+-----
Dodging        | 3 4 |  4.0
Fighting       | 2 |  2.6
Unarmed Combat | 4 |  4.2
Shapeshifting  | |  4.9

Action                     |  1- 3 |  4- 6 || total
---------------------------+-------+-------++-------
  Melee: Unarmed           |    65 |    67 ||   132
         Punch             |     3 |     3 ||     6
    Use: Scroll            |       |     3 ||     3
 Armour: Animal skin       |     6 |       ||     6
         Chain mail        |    38 |    62 ||   100
  Dodge: Dodged            |    20 |    30 ||    50

Table legend: (Time is in decaauts)
 A = Elapsed time spent in this place.
 B = Non-inter-level travel time spent in this place.
 C = Inter-level travel time spent in this place.
 D = Time resting spent in this place.
 E = Time spent auto-exploring this place.
 F = Levels seen in this place.
 G = Mean time per level.
                   A        B        C        D        E       F      G
               +--------+--------+--------+--------+--------+-----+--------+
         Total |   1766 |   1657 |    109 |    293 |   1074 |   3 |  588.7 |
       Dungeon |   1766 |   1657 |    109 |    293 |   1074 |   3 |  588.7 |
               +--------+--------+--------+--------+--------+-----+--------+

Top non-repeatable levels by time:
     D:2: 1104 daAuts
     D:1: 653 daAuts
     D:3: 8 daAuts
